 Dungeon Crawl Stone Soup version 0.22-a0-422-g9628fc8 (webtiles) character file.

166 iamserjio the Ducker (level 5, -2/25 HPs)
             Began as a Spriggan Transmuter on May 22, 2018.
             Slain by a mummy (14 damage)
             ... in an ossuary.
             The game lasted 00:10:22 (4511 turns).

iamserjio the Ducker (Spriggan Transmuter)          Turns: 4511, Time: 00:10:22

Health: -2/25      AC:  2    Str:  7    XL:     5   Next: 22%
Magic:  2/10       EV: 27    Int: 14    God:
Gold:   219        SH:  0    Dex: 22    Spells: 4/10 levels left

rFire    . . .     SeeInvis +     - Unarmed
rCold    . . .     Gourm    .   (shield restricted)
rNeg     . . .     Faith    .   b - +0 robe
rPois    .         Spirit   .   (helmet restricted)
rElec    .         Reflect  .   (no cloak)
rCorr    .         Harm     .   (gloves unavailable)
MR       .....                  (boots unavailable)
Stlth    +++.......             (no amulet)
HPRegen  0.08/turn              (no ring)
MPRegen  0.12/turn              (no ring)

@: agile, very quick
A: very small, unfitting armour, see invisible, herbivore, speed 3, slow
metabolism 2
a: no special abilities


You were in an ossuary.
You were very hungry.

You visited 1 branch of the dungeon, and saw 4 of its levels.
You also visited: Ossuary.

You collected 219 gold pieces.

Inventory:

Missiles
 a - 5 arrows
 e - 121 stones (quivered)
Armour
 b - a +0 robe (worn)
 k - a cursed +0 robe
 t - a scarf of repulsion
Jewellery
 c - a +4 ring of strength {unknown}
 i - an uncursed ring of wizardry {unknown}
Scrolls
 j - 5 scrolls of remove curse {unknown}
 n - a scroll of immolation {unknown}
 o - 2 scrolls of teleportation
 p - 2 scrolls of fear
 q - a scroll of random uselessness {unknown}
 v - a scroll of enchant weapon {unknown}
 w - a scroll of magic mapping
 x - 2 scrolls of amnesia {unknown}
Potions
 f - a potion of agility
 g - a potion of ambrosia
 l - a potion of heal wounds {unknown}
 m - a potion of curing {unknown}
 r - a potion of brilliance {unknown}
 s - a potion of haste {unknown}
 u - 2 potions of invisibility
 z - a potion of flight {unknown}
 A - a potion of cancellation {unknown}
 B - a potion of berserk rage {unknown}
Comestibles
 d - 2 rations


   Skills:
 - Level 1.0 Fighting
 * Level 5.4 Dodging
 + Level 3.0 Unarmed Combat
 - Level 3.0 Spellcasting
 * Level 4.8 Transmutations


You had 4 spell levels left.
You knew the following spells:

 Your Spells              Type           Power        Failure   Level  Hunger
a - Beastly Appendage     Tmut           ###...       3%          1    #......
b - Sticks to Snakes      Tmut           ###.....     4%          2    ##.....
c - Spider Form           Tmut/Pois      #.........   24%         3    ###....

Your spell library contained the following spells:

 Spells                   Type           Power        Failure   Level  Hunger
 Blade Hands              Tmut           ###.......   63%         5    ######.
 Ice Form                 Ice/Tmut       #.......     61%         4    #####..


Dungeon Overview and Level Annotations

Branches:
Dungeon (4/15)
 Temple: D:4-7

Altars:
Wu Jian

Annotations:
D:4 Eustachio


Innate Abilities, Weirdness & Mutations

You are very small and have problems with some larger weapons.
You are too small for most types of armour.
You have supernaturally acute eyesight. (SInv)
You are a herbivore.
You cover ground extremely quickly.
You need to consume almost no food.


Message History

The giant cockroach zombie is severely damaged.
The giant cockroach zombie completely misses you.
Your adder bites the giant cockroach zombie.
You catch the helpless giant cockroach zombie completely off-guard!
You hit the giant cockroach zombie.
You destroy the giant cockroach zombie!
Your adder bites the worker ant zombie.
You barely miss the mummy.
The mummy is heavily damaged.
Your adder barely misses the worker ant zombie.
Your adder bites the worker ant zombie.
You hit the mummy but do no damage.
The mummy is heavily damaged.
Your adder barely misses the worker ant zombie.
You hit the mummy but do no damage.
The mummy is heavily damaged.
Your adder barely misses the worker ant zombie.
The mummy hits you!
Ouch! That really hurt!
You die...

....# ≈# #≈#≈# ≈#
#≈.M ≈≈ ### #.≈#≈##
#.# #≈..≈≈#
#.#####'#####.≈≈≈#
+.....SZZ≈Z≈≈≈≈P#≈≈#≈
.#####M#####≈### ≈≈
#@#∩..#≈.P ≈#
###.∩.#Z≈#≈#
#.#...#...≈#
.##'##'##'##.###
+.....Z...ZZ..+
#+#'#'#'#+#Z#+# #.#.#
#.# # ### ###


You could see a mummy, a bullfrog zombie, a worker ant zombie and a friendly
adder.

Vanquished Creatures
  Terence (D:3)
  A mummy (Ossuary)
  An adder (D:3)
  A worm (D:4)
  A ball python (D:2)
  3 giant cockroaches
  6 hobgoblins
  4 jackals (D:1)
  A quokka (D:2)
  6 bats
  5 frilled lizards
  A giant cockroach zombie (Ossuary)
  5 goblins
  A jackal zombie (Ossuary)
  8 kobolds
  3 rats
48 creatures vanquished.

Vanquished Creatures (collateral kills)
  A bullfrog zombie (Ossuary)
  A killer bee zombie (Ossuary)
  3 mummies (Ossuary)
  An adder (D:3)
  A worm (D:2)
  A goblin (D:3)
  A bat (D:2)
9 creatures vanquished.

Vanquished Creatures (others)
  2 withered plants (Ossuary)
2 creatures vanquished.

Grand Total: 59 creatures vanquished

Notes
Turn   | Place    | Note
-------+----------+-------------------------------------------
     0 | D:1      | iamserjio the Spriggan Transmuter began the quest for the Orb.
     0 | D:1      | Reached XP level 1. HP: 9/9 MP: 5/5
   182 | D:1      | Reached XP level 2. HP: 7/14 MP: 6/6
   201 | D:1      | Reached skill level 1 in Fighting
  1256 | D:1      | Reached XP level 3. HP: 18/18 MP: 8/8
  1427 | D:1      | Learned a level 2 spell: Sticks to Snakes
  1431 | D:1      | Learned a level 3 spell: Spider Form
  1984 | D:2      | Reached skill level 4 in Dodging
  2453 | D:2      | Found an ornate altar of the Wu Jian Council.
  3257 | D:3      | Noticed Terence
  3310 | D:3      | Killed Terence
  3310 | D:3      | Reached XP level 4. HP: 8/22 MP: 0/9
  3611 | D:3      | Found a faded altar of an unknown god.
  3682 | D:4      | Noticed Eustachio
  3798 | D:4      | Found a sand-covered staircase.
  3806 | Ossuary  | Entered an ossuary
  3882 | Ossuary  | Reached skill level 5 in Dodging
  4180 | Ossuary  | Reached XP level 5. HP: 18/25 MP: 7/10
  4511 | Ossuary  | Slain by a mummy

Vault maps used:
D:1:      dpeg_arrival_brainrot
D:2:      lemuel_round_altar
D:3:      chequers_ecumenical_altar_twisty, lemuel_another_geyser, uniq_terence
D:4:      marbit_many_paths, overflow_temple_1_default,
          nicolae_overflow_hidden_temple, first_ration,
          nicolae_ossuary_entry_plus, minmay_bisected, uniq_eustachio
Ossuary:  ossuary_zaba_flooded

Skill      XL: |  1  2  3  4 |
---------------+-------------+-----
Transmutations | 3 4 |  4.8
Fighting       | 1 |  1.0
Spellcasting   | 3 |  3.0
Dodging        | 4 5 |  5.4
Unarmed Combat | 3 |  3.0

Action                   |  1- 3 |  4- 6 || total
-------------------------+-------+-------++-------
Melee: Unarmed           |   217 |    78 ||   295
       Kick              |    12 |     1 ||    13
       Headbutt          |     5 |     6 ||    11
       Punch             |     2 |     3 ||     5
 Cast: Beastly Appendage |    15 |     3 ||    18
       Sticks to Snakes  |    10 |    12 ||    22
       Spider Form       |       |     1 ||     1
  Use: Scroll            |       |     8 ||     8
       Potion            |       |     1 ||     1
 Stab: Sleeping          |     5 |       ||     5
       Distracted        |       |     1 ||     1
  Eat: Ration            |       |     1 ||     1
Armor: Robe              |    13 |     4 ||    17
       Skin              |       |     1 ||     1
Dodge: Dodged            |   192 |    68 ||   260

Table legend:
 A = Spawn XP
 B = Non-spawn XP
 C = Spawn XP percentage of total XP
 D = Spawn monster count
 E = Non-spawn monster count
 F = Spawn count percentage of total count
 G = Total turns spent on level
                    A         B        C        D         E        F      G
               +---------+---------+-------+---------+---------+-------+---------
         Total |       0 |     238 |   0.0 |       0 |      57 |   0.0 |  4511
               +---------+---------+-------+---------+---------+-------+---------
           D:1 |       0 |      41 |   0.0 |       0 |      26 |   0.0 |  1432
           D:2 |       0 |      14 |   0.0 |       0 |       9 |   0.0 |  1274
           D:3 |       0 |      64 |   0.0 |       0 |      13 |   0.0 |   926
           D:4 |       0 |       3 |   0.0 |       0 |       1 |   0.0 |   174
       Ossuary |       0 |     116 |   0.0 |       0 |       8 |   0.0 |   705
               +---------+---------+-------+---------+---------+-------+---------
